AoeStats
← FLOflo

Lombardia

507953586Analyzed
2v2 RM · 10d ago on Sep 20, 2026· 42m 33s· 4 players
Game mode
Random Map
Map size
Medium (4 player)
Population
200
Speed
Normal
Resources
Standard
Victory
Conquest
Starting age
Dark Age
Ending age
Imperial Age
RankedLock teamsTeams togetherTeam positionsShared explorationLock speedFull tech treeHidden civsTurbo modeCheats
Victory
Defeat
🇩🇪 Cumans · Germany
999
+13
🇩🇪 Celts · Germany
984
+15
🇬🇧 Romans · United Kingdom
946
-14
🇬🇷 Byzantines · Greece
941
-41
O MESLEX
12:14 Feudal Age
10:36 Loom
12:55 Horse Collar
14:04 Wheelbarrow
13:59 Double-Bit Axe
15:16 Man-at-Arms
22:28 Castle Age
21:10 Gold Mining
21:11 Stone Mining
23:22 Heavy Plow
23:34 Bow Saw
24:23 Forging
24:32 Squires
26:48 Iron Casting
28:14 Husbandry
28:21 Scale Mail Armor
32:09 Hand Cart
32:56 Scale Barding Armor
Hopsie7806
10:56 Feudal Age
11:27 Double-Bit Axe
11:24 Horse Collar
11:41 Gold Mining
16:46 Castle Age
15:42 Stone Mining
18:52 Wheelbarrow
18:31 Bow Saw
19:28 Gold Shaft Mining
19:29 Loom
20:00 Heavy Plow
20:39 Scale Mail Armor
22:03 Hand Cart
22:22 Forging
22:06 Pikeman
24:06 Chain Mail Armor
24:26 Iron Casting
24:22 Fletching
25:07 Iron Casting
29:10 Squires
30:19 Bodkin Arrow
30:34 Ballistas
32:58 Masonry
32:43 Murder Holes
33:09 Ballistics
35:08 Caravan
39:02 Imperial Age
40:24 Comitatenses
41:48 Blast Furnace
ueki_ya
8:33 Loom
11:08 Feudal Age
16:49 Castle Age
15:11 Double-Bit Axe
15:18 Horse Collar
16:19 Scale Mail Armor
20:16 Bow Saw
22:33 Heavy Plow
25:30 Chain Mail Armor
25:29 Pikeman
27:06 Forging
33:06 Iron Casting
34:25 Wheelbarrow
34:16 Stronghold
36:00 Fletching
41:41 Hand Cart
FLOflo
10:52 Feudal Age
9:07 Loom
18:16 Castle Age
16:35 Double-Bit Axe
17:49 Scale Barding Armor
18:02 Horse Collar
19:11 Bloodlines
24:10 Forging
28:15 Chain Barding Armor
29:02 Iron Casting
29:11 Wheelbarrow
28:21 Town Watch
29:08 Gold Mining
29:55 Bow Saw
33:06 Imperial Age
33:10 Cavalier
35:59 Plate Barding Armor
37:03 Hand Cart
36:49 Town Patrol
38:05 Blast Furnace
37:30 Paladin
38:31 Heavy Plow
41:05 Conscription
Connection lost

Rejoining the realm…

Still unreachable

The connection could not be restored.

Session expired

The server has moved on; the page needs a fresh start.